 Dungeon Crawl Stone Soup version 0.20.1-1-g8b1a95d (webtiles) character file.

75 Marthos the Magician (level 4, -2/30 HPs)
             Began as a Demonspawn Wizard on Dec 4, 2017.
             Was an Initiate of Vehumet.
             Slain by a gnoll (8 damage)
             ... on level 2 of the Dungeon.
             The game lasted 00:03:06 (1133 turns).

Marthos the Magician (Demonspawn Wizard)            Turns: 1133, Time: 00:03:07

Health: -2/30      AC:  5    Str:  7    XL:     4   Next: 11%
Magic:  2/10       EV: 12    Int: 20    God:    Vehumet [......]
Gold:   43         SH:  0    Dex: 12    Spells: 10/11 levels left

rFire    . . .     SeeInvis .   g - -1 short sword (curse)
rCold    . . .     Gourm    .   (no shield)
rNeg     . . .     Faith    .   a - +0 robe
rPois    .         Spirit   .   b - +0 hat
rElec    .         Reflect  .   (no cloak)
rCorr    .         Harm     .   k - +0 pair of gloves
MR       .....                  (no boots)
Stlth    ++........             (no amulet)
Regen    0.1/turn               (no ring)
MPRegen  0.2/turn               (no ring)

@: no status effects
A: yellow scales 1, powered by pain 1, spiny 1
a: Renounce Religion


You were on level 2 of the Dungeon.
You worshipped Vehumet.
Vehumet was noncommittal.
You were hungry.

You visited 1 branch of the dungeon, and saw 2 of its levels.

You collected 43 gold pieces.

Inventory:

Hand Weapons
 g - a cursed -1 short sword (weapon)
Armour
 a - a +0 robe (worn)
 b - a +0 hat (worn)
 k - a +0 pair of gloves (worn)
Jewellery
 e - an uncursed ring of see invisible {unknown}
 l - a cursed ring of loudness {unknown}
Scrolls
 h - a scroll of identify {unknown}
Potions
 i - a potion of heal wounds {unknown}
Books
 c - a book of Minor Magic

   Spells                             Type                      Level
   a - Magic Dart                     Conjuration                  1
   b - Blink                          Translocation                2
   c - Call Imp                       Summoning                    2
   d - Slow                           Hexes                        2
   e - Conjure Flame                  Conjuration/Fire             3
   f - Mephitic Cloud                 Conjuration/Poison/Air       3
Comestibles
 d - a bread ration
 f - 4 fruits
 j - 2 chunks of flesh


   Skills:
 - Level 1.7 Dodging
 - Level 1.7 Stealth
 * Level 4.1 Spellcasting
 * Level 2.5 Conjurations
   Level 1.0 Summonings
   Level 0.8 Translocations


You had 10 spell levels left.
You knew the following spells:

 Your Spells              Type           Power        Failure   Level  Hunger
a - Magic Dart            Conj           ##..         4%          1    None


Dungeon Overview and Level Annotations

Branches:
Dungeon (2/15)

Altars:
Vehumet


Innate Abilities, Weirdness & Mutations

You are partially covered in yellow scales. (AC +2)
You sometimes gain a little power by taking damage.
You are partially covered in sharp spines.


Message History

The gnoll is moderately wounded.
The gnoll is struck by your spines. The gnoll closely misses you.
You barely miss the gnoll.
The gnoll is moderately wounded.
The gnoll hits you but does no damage. The gnoll is struck by your spines.
The gnoll barely misses you.
You barely miss the gnoll.
The gnoll is heavily wounded.
The gnoll is struck by your spines. The gnoll hits you.
* * * LOW HITPOINT WARNING * * *
You barely miss the gnoll.
The gnoll is severely wounded.
The gnoll barely misses you.
You hit the gnoll but do no damage.
The gnoll is severely wounded.
The gnoll misses you.
You closely miss the gnoll.
The gnoll is severely wounded.
The gnoll hits you!
You die...

#...# #...###### ########
#........# #......#
#.....##[## #..<...#
#...###...## #......#
#####...##.....#
#......###.......#.......
#.......@g..........._..)
#....(.######....#.......
#......# #....##.....#
#......# ####.###...##
##.###.# #.# ##.## #.
#.#########.. #..# #.
#..#......##.##### ##
##......... .#
#...........#


You could see a gnoll.

Vanquished Creatures
  2 gnolls (D:2)
  2 adders (D:2)
  A leopard gecko (D:1)
  A giant cockroach (D:1)
  6 goblins (D:1)
  4 hobgoblins (D:1)
  5 kobolds
  A quokka (D:2)
  5 bats (D:1)
  3 frilled lizards
  6 rats (D:1)
36 creatures vanquished.

Notes
Turn   | Place    | Note
-------+----------+-------------------------------------------
     0 | D:1      | Marthos the Demonspawn Wizard began the quest for the Orb.
     0 | D:1      | Reached XP level 1. HP: 13/13 MP: 4/4
   246 | D:1      | Gained mutation: You are partially covered in sharp spines. [demonic ancestry]
   246 | D:1      | Reached XP level 2. HP: 15/19 MP: 1/6
   746 | D:1      | Gained mutation: You sometimes gain a little power by taking damage. [demonic ancestry]
   746 | D:1      | Reached XP level 3. HP: 22/24 MP: 8/8
  1066 | D:2      | Found a radiant altar of Vehumet.
  1091 | D:2      | Became a worshipper of Vehumet
  1095 | D:2      | Reached skill level 4 in Spellcasting
  1126 | D:2      | Gained mutation: You are partially covered in yellow scales. (AC +2) [demonic ancestry]
  1126 | D:2      | Reached XP level 4. HP: 10/30 MP: 1/10
  1133 | D:2      | Slain by a gnoll

Skill      XL: |  1  2  3 |
---------------+----------+-----
Conjurations   | 2 |  2.5
Spellcasting   | 4 |  4.1
Dodging        | |  1.7
Stealth        | |  1.7
Summonings     | |  1.0
Translocations | |  0.8

Action                   |  1- 3 |  4- 6 || total
-------------------------+-------+-------++-------
Melee: Short sword       |    42 |     7 ||    49
 Cast: Magic Dart        |    61 |       ||    61
 Stab: Sleeping          |     1 |       ||     1
Armor: Robe              |    14 |     1 ||    15
Dodge: Dodged            |    38 |     5 ||    43
